 Dungeon Crawl Stone Soup version 0.29-a0-283-ga02f740833 (webtiles) character file.

Game seed: 15481391234257694696

14 cheechan the Cutter (level 2, -5/21 HPs)
             Began as an Octopode Monk on Mar 13, 2022.
             Was a Believer of Okawaru.
             Slain by a sky beast (6 damage)
             ... on level 4 of the Dungeon.
             The game lasted 00:03:18 (805 turns).

cheechan the Cutter (Octopode Monk)                  Turns: 805, Time: 00:03:19

Health: -5/21      AC: -3    Str: 10    XL:     2   Next: 41%
Magic:  0/2        EV: 14    Int: 12    God:    Okawaru [**....]
Gold:   36         SH:  0    Dex: 14    Spells: 1/1 levels left

rFire   . . .      SeeInvis .   a - +0 short sword
rCold   . . .      Faith    .   (no shield)
rNeg    . . .      Spirit   +   (helmet restricted)
rPois   .          Reflect  .   h - amulet of guardian spirit
rElec   .          Harm     .   (no ring)
rCorr   .          Rampage  .   (no ring)
Will    .....                   (no ring)
Stlth   ++........              (no ring)
HPRegen 0.07/turn               (no ring)
MPRegen 0.08/turn               (no ring)
                                (no ring)
                                (no ring)

@: confused, ambrosia-drunk, corroded
A: almost no armour, amphibious, 8 rings, camouflage 1, gelatinous body 1,
(nimble swimmer 1), tentacles
a: Renounce Religion, Heroism


You were on level 4 of the Dungeon.
You worshipped Okawaru.
Okawaru was pleased with you.
You visited 2 branches of the dungeon, and saw 6 of its levels.

You collected 36 gold pieces.

Inventory:

Hand Weapons
 a - a +0 short sword (weapon)
 i - a +0 hunting sling
Missiles
 c - 98 stones (quivered)
 j - 5 poisoned darts
Jewellery
 h - an amulet of guardian spirit (around mantle)
Potions
 b - a potion of ambrosia
 e - a potion of curing
 f - a potion of degeneration {unknown}
 g - a potion of berserk rage {unknown}


   Skills:
 + Level 3.1 Fighting
 + Level 3.3 Short Blades
 + Level 3.1 Dodging
 + Level 3.0 Stealth


You had one spell level left.
You didn't know any spells.
Your spell library contained the following spells:

 Spells                   Type           Power      Damage    Failure   Level
 Conjure Flame            Conj/Fire      0%         6-21      69%         3
 Ignite Poison            Fire/Tmut/Pois 0%         N/A       69%         3
 Sticky Flame             Conj/Fire      0%         2d3       97%         4
 Alistair's Intoxication  Tmut/Pois      0%         N/A       100%        5
 Borgnjor's Vile Clutch   Necr/Erth      0%         N/A       100%        5
 Eringya's Noxious Bog    Tmut/Pois      0%         N/A       100%        6


Dungeon Overview and Level Annotations

Branches:
Dungeon (5/15)             Temple (1/1) D:5

Altars:
Ashenzari
Cheibriados
Dithmenos
Elyvilon
Fedhas
Gozag
Hepliaklqana
Kikubaaqudgha
Makhleb
Okawaru
Qazlal
Ru
Sif Muna
Uskayaw
Vehumet
Wu Jian
Xom
Yredelemnul
Zin
The Shining One

Annotations:
D:5 Menkaure


Innate Abilities, Weirdness & Mutations

You cannot wear most types of armour.
You are amphibious.
You can wear up to eight rings at the same time.
Your skin changes colour to match your surroundings (Stealth+).
Your rubbery body absorbs attacks. (AC +1, EV +1)
((You are camouflaged when in or above water. (Stealth+)))
You have tentacles for arms and can constrict up to eight enemies at once.


Message History

The jelly attacks as you move away! The jelly barely misses you.
Something hits you but does no damage.
A sky beast appears from thin air!
Reactivating autopickup.
The sky beast attacks as you move away! The sky beast barely misses you.
There is a stone staircase leading up here.
The sky beast closely misses you. The jelly completely misses you.
You climb upwards.
You hear the sound of rushing water.
There is an entrance to a sewer on this level.
Hurry and find it before the portal rusts away!
You hear the quick rusting of a distant drain.
There is a stone staircase leading down here.
As you read the scroll labelled EXIPLI GILA, it crumbles to dust.
It is a scroll of identify.
e - a potion of curing The sky beast barely misses you.
The jelly completely misses you.
You are confused.
You feel invigorated. The jelly closely misses you.
The sky beast completely misses you. The jelly hits you.
You are splashed with acid!
The sky beast closely misses you. The sky beast hits you.
The sky beast shocks you. The jelly barely misses you. The sky beast hits you.
The sky beast shocks you.
You see here a +0 leather armour.
You hit the jelly but do no damage. The acid corrodes you!
Your tentacles burn!
* * * LOW HITPOINT WARNING * * *
The sky beast misses you. The jelly hits you.
* * * LOW HITPOINT WARNING * * *
You are splashed with acid!
* * * LOW HITPOINT WARNING * * *
You see here a +0 dagger.
You bump into the rock wall.
The sky beast completely misses you. The jelly misses you.
You barely miss the jelly. Your squeeze misses the jelly. The jelly hits you.
You are splashed with acid!
* * * LOW HITPOINT WARNING * * *
The sky beast hits you.
* * * LOW HITPOINT WARNING * * *
The sky beast shocks you.
You die...

###########
#.........#
#.........#
########.........#
#.................
#@######..........
#JY...............
#.......#########.
#>................
#.......#####.....
#.......# #.....
#.................
##......#####.....
#......# #....)


You could see a sky beast and a jelly.

Vanquished Creatures
  2 goblins (D:4)
  2 jackals (D:4)
  2 quokkas
  3 ball pythons
  3 kobolds
  A rat (D:1)
13 creatures vanquished.

Notes
Turn   | Place    | Note
-------+----------+-------------------------------------------
     0 | D:1      | cheechan the Octopode Monk began the quest for the Orb.
     0 | D:1      | Reached XP level 1. HP: 16/16 MP: 1/1
   439 | D:4      | Reached XP level 2. HP: 3/21 MP: 2/2
   619 | D:5      | Entered Level 5 of the Dungeon
   619 | D:5      | Found a staircase to the Ecumenical Temple.
   620 | D:5      | Noticed a sky beast
   627 | D:5      | Noticed Menkaure
   630 | Temple   | Entered the Ecumenical Temple
   662 | Temple   | Became a worshipper of Warmaster Okawaru
   662 | Temple   | Reached * piety under Okawaru
   662 | Temple   | Reached ** piety under Okawaru
   802 | D:4      | HP: 1/21 [acid (5)]
   805 | D:4      | Slain by a sky beast

Illustrated notes

Levels and vault maps discovered:
D:1:      dpeg_arrival_lava_temple_mockup, layout_basic, serial_forest,
          infiniplex_forest_clump_double, infiniplex_forest_lined_room_2,
          infiniplex_forest_clump_tiny, infiniplex_forest_pool,
          infiniplex_forest_lined_1, infiniplex_forest_clump_tiny,
          infiniplex_forest_corner_2, infiniplex_forest_lined_2, st_stairs_4
D:2:      minmay_skewed_foursquare, layout_basic, basic_altar, uniq_terence,
          uniq_sigmund
D:3:      layout_loops_ring, uniq_robin
D:4:      layout_basic, cheibrodos_sewer_entry_sluice
D:5:      layout_loops_cross, minmay_temple_entry_arrows, enter_ossuary_5,
          uniq_ijyb, uniq_eustachio, uniq_crazy_yiuf_cottage, uniq_menkaure
Temple:   dpeg_three_leaves_temple

Skill      XL: |  1  2 |
---------------+-------+-----
Stealth        | 3 |  3.0
Fighting       | |  3.1
Short Blades   | |  3.3
Dodging        | |  3.1

Action                   || total
-------------------------++-------
Melee: Short sword       ||    24
       Constrict         ||     5
       Tentacles         ||     5
  Use: Scroll            ||     2
       Potion            ||     1
 Stab: Sleeping          ||     3
       Distracted        ||     1
Armor: Skin              ||     2
Dodge: Dodged            ||    28

Table legend: (Time is in decaauts)
 A = Elapsed time spent in this place.
 B = Non-inter-level travel time spent in this place.
 C = Inter-level travel time spent in this place.
 D = Time resting spent in this place.
 E = Time spent auto-exploring this place.
 F = Levels seen in this place.
 G = Mean time per level.
                   A        B        C        D        E       F      G
               +--------+--------+--------+--------+--------+-----+--------+
         Total |    802 |    802 |      0 |    107 |      0 |   6 |  133.7 |
       Dungeon |    643 |    643 |      0 |      0 |      0 |   5 |  128.6 |
        Temple |    158 |    158 |      0 |    107 |      0 |   1 |  158.0 |
               +--------+--------+--------+--------+--------+-----+--------+

Top non-repeatable levels by time:
     D:4: 231 daAuts
     D:2: 174 daAuts
     D:1: 166 daAuts
  Temple: 158 daAuts
     D:3: 52 daAuts
     D:5: 18 daAuts
